Map: Stranded Isles

Players

Subwaymaker - Winner!

  • Race: Protoss Protoss
  • League: Gold
  • Spawn Location: 6:00

Mesrob - Winner!

  • Race: Terran Terran
  • League: Platinum
  • Spawn Location: 3:00

WalriLord - Winner!

  • Race: Protoss Protoss
  • Spawn Location: 6:00

Asano

  • Race: Zerg Zerg
  • League: Silver
  • Spawn Location: 9:00

Seize

  • Race: Terran Terran
  • League: Silver
  • Spawn Location: 12:00

ThatMarfin

  • Race: Protoss Protoss
  • Spawn Location: 12:00

VOD

Have the link to the VOD?

Description

Time

  • Played on: Aug. 12, 2019, 8:24 p.m.
  • Length: 11:51
Show
View Real Time Build Order
Export as new Build Order

Subwaymaker Protoss - Winner!

Build Orders: Oracle Opening 

Get SALT Encoding   

  12  0:02  Probe  
  14  0:14  Probe  
  14  0:19  Pylon  
  14  0:26  Probe  
  15  0:37  Probe  
  15  0:41  Gateway  
  16  0:45  Probe  
  17  0:51  Assimilator  
  17  0:53  Probe  
  18  1:04  Probe  
  18  1:08  Assimilator  
  19  1:16  Probe  
  20  1:32  Cybernetics Core  
  20  1:35  Pylon  
  20  1:46  Probe  
  21  1:54  Probe  
  21  1:55  Zealot  
  24  2:04  Probe  
  25  2:12  Stargate  
  25  2:22  Stalker  
  27  2:28  Probe  
  28  2:35  Pylon  
  28  2:38  Warp Gate, Gateway  
  28  2:48  Oracle  
  31  3:11  Nexus  
  31  3:14  Pylon  
  31  3:15  Oracle  
  31  4:26  Oracle  
  31  4:28  Probe  
  31  4:30  Probe  
  36  4:40  Probe x2  
  36  4:45  Assimilator  
  38  4:49  Assimilator  
  38  4:51  Pylon  
  38  4:52  Probe  
  39  4:55  Gateway  
  39  4:56  Probe, Gateway  
  39  5:03  Stalker  
  39  5:04  Probe  
  43  5:13  Probe  
  44  5:16  Probe  
  45  5:25  Probe  
  46  5:39  Oracle  
  46  5:44  Stalker x2  
  53  5:52  Probe x2  
  55  5:59  Stalker x2  
  59  6:04  Probe x2  
  59  6:06  Oracle  
  59  6:08  Twilight Council  
  61  6:11  Forge  
  61  6:15  Pylon  
  61  6:16  Probe x2  
  60  7:22  Charge  
  60  7:23  Protoss Ground Weapons Level 1  
  60  7:26  Probe x2  
  60  7:28  Zealot x4  
  70  7:38  Probe  
  71  7:51  Void Ray  
  75  8:06  Zealot  
  77  9:15  Pylon  
  77  9:17  Pylon  
  77  9:19  Pylon  
  77  9:27  Gateway x2  
  77  9:32  Gateway  
  77  9:34  Gateway  
  77  9:53  Zealot x3  
  77  9:54  Zealot  
Show
View Real Time Build Order
Export as new Build Order

Mesrob Terran - Winner!

Build Orders: 2 Factory, Gas First Reaper Expand 

Get SALT Encoding   

  12  0:00  SCV  
  13  0:13  SCV  
  14  0:18  Supply Depot  
  14  0:25  SCV  
  15  0:33  Refinery  
  15  0:39  SCV  
  16  0:46  Barracks  
  16  0:52  SCV  
  17  1:04  SCV  
  18  1:31  Command Center  
  18  1:35  Refinery  
  18  1:45  Orbital Command  
  18  1:53  Reaper  
  19  2:08  Factory  
  19  2:26  Barracks Tech Lab  
  19  2:40  SCV  
  20  2:45  Orbital Command  
  20  2:54  Factory  
  20  3:01  Barracks Reactor  
  20  3:07  Refinery  
  20  3:08  SCV  
  20  3:12  Siege Tank  
  24  3:13  SCV  
  25  3:20  SCV  
  25  3:25  SCV  
  27  3:32  SCV  
  28  3:44  SCV  
  29  4:12  Marine x2, Siege Tank  
  29  4:16  Starport, Factory Reactor  
  34  4:18  SCV  
  35  4:25  SCV  
  35  4:30  Marine, SCV  
  38  4:31  Refinery  
  38  4:40  Supply Depot  
  38  4:45  Marine  
  38  4:48  SCV  
  38  4:51  Siege Tank  
  43  4:54  Hellion  
  43  4:56  Starport Tech Lab  
  45  5:02  Hellion, Fusion Core, Supply Depot  
  45  5:05  Marine x2  
  49  5:10  Engineering Bay  
  49  5:16  Hellion, SCV, Armory  
  49  5:18  SCV  
  53  5:23  Marine  
  53  5:24  Marine, Hellion, Siege Tank  
  60  5:28  SCV  
  60  5:30  SCV  
  62  5:50  Supply Depot  
  62  5:52  Supply Depot  
  62  6:11  Hellion, Siege Tank, SCV x2  
  69  6:23  SCV  
  70  6:35  SCV  
  67  7:07  Siege Tank  
  70  7:09  Hellion x2  
  70  7:13  Marine x2  
  76  7:20  Battlecruiser  
  82  7:25  Supply Depot  
  82  7:30  Marine  
  82  7:31  Marine  
  84  7:47  Supply Depot  
  84  7:48  Marine  
  84  7:50  Siege Tank  
  88  7:54  Hellion x2  
  88  7:56  Marine  
  93  8:00  SCV  
  94  8:06  Marine  
  94  8:09  Supply Depot  
  94  8:12  Command Center  
  95  8:14  Marine  
  96  8:22  Siege Tank  
  96  8:24  Marine, Battlecruiser  
  106  8:32  Marine  
  107  8:42  Marine  
  108  8:50  Marine  
  96  9:10  Hellbat x2, Siege Tank  
  96  9:11  Marine x2  
  91  9:28  Marine, Battlecruiser  
  91  9:29  Marine  
  93  9:35  Hellion x2  
  97  9:44  Orbital Command  
  96  9:46  Marine  
  96  9:47  Marine  
  96  9:48  Refinery  
  98  9:53  SCV  
  99  10:01  Command Center  
  99  10:04  Marine, Hellbat  
  99  10:05  Hellbat, Marine  
  104  10:07  Siege Tank  
  106  10:14  Refinery  
  106  10:17  Refinery  
  106  10:26  Hellbat x2  
  110  10:41  Refinery  
Show
View Real Time Build Order
Export as new Build Order

WalriLord Protoss - Winner!

Build Orders:  

Get SALT Encoding   

  12  0:02  Probe  
  13  0:14  Probe  
  14  0:22  Pylon  
  14  0:26  Probe  
  15  0:42  Gateway  
  15  0:45  Probe  
  16  0:51  Assimilator  
  16  0:56  Assimilator  
  16  0:57  Probe  
  17  1:15  Probe  
  18  1:27  Probe  
  18  1:30  Gateway  
  18  1:32  Gateway  
  19  1:39  Probe  
  20  1:51  Probe  
  21  1:55  Cybernetics Core  
  21  2:03  Probe  
  21  2:08  Pylon  
  22  2:25  Stalker x3  
  22  2:32  Warp Gate  
  28  2:53  Stalker  
  30  3:19  Pylon  
  30  3:39  Stalker  
  31  3:51  Stalker  
  31  3:57  Stalker  
  31  4:18  Pylon  
  31  4:20  Nexus  
  31  4:36  Probe  
  31  4:37  Gateway  
  32  4:39  Gateway  
  32  4:44  Stalker  
  32  4:45  Stalker x2  
  38  4:49  Probe  
  39  5:00  Pylon  
  39  5:09  Pylon  
  39  5:18  Probe  
  40  5:30  Probe  
  41  5:36  Probe  
  41  5:42  Probe  
  43  5:47  Stalker x2  
  43  5:48  Probe  
  48  5:59  Probe  
  48  6:00  Probe  
  48  6:03  Stalker  
  52  6:11  Probe  
  53  6:23  Probe  
  53  6:24  Stalker x3  
  60  6:32  Pylon  
  60  6:35  Probe  
  59  6:53  Stalker  
  59  6:54  Stalker x2  
  63  6:56  Probe  
  64  7:08  Probe  
  65  7:16  Probe  
  65  7:20  Probe  
  67  7:24  Stalker  
  67  7:25  Stalker  
  67  7:27  Stalker x2  
  75  7:33  Probe  
  76  7:45  Probe  
  76  7:46  Pylon  
  77  7:56  Nexus  
  77  8:00  Pylon  
  77  8:18  Stalker x4  
  85  8:23  Gateway  
  76  8:52  Stalker  
  76  8:53  Stalker x3  
  84  9:07  Probe  
  85  9:19  Probe  
  85  9:21  Stalker  
  85  9:22  Stalker x3  
  94  9:31  Probe  
  95  9:43  Probe  
  96  9:47  Pylon  
  96  9:55  Probe  
  97  10:33  Stalker x3  
  97  10:34  Stalker  
  105  10:43  Pylon  
  105  10:57  Stalker x3  
  105  10:58  Stalker  
Show
View Real Time Build Order
Export as new Build Order

Asano Zerg 

Build Orders: Pool First 

Get SALT Encoding   

  12  0:05  Drone  
  13  0:11  Drone  
  14  0:22  Overlord  
  14  0:40  Drone x3  
  17  0:49  Spawning Pool  
  16  0:56  Overlord  
  16  1:05  Drone  
  16  1:08  Extractor  
  16  1:22  Hatchery  
  15  1:29  Drone  
  15  1:30  Drone  
  17  1:35  Drone  
  18  1:43  Queen  
  20  1:55  Drone  
  21  2:04  Roach Warren  
  21  2:05  Drone  
  21  2:19  Zergling x4  
  23  2:29  Zergling x2  
  24  2:35  Queen  
  24  2:37  Drone  
  27  2:52  Roach  
  27  2:53  Roach x2  
  33  3:10  Overlord x2  
  31  3:36  Zergling x10  
  31  3:37  Zergling x2  
  37  3:42  Ravager x2  
  38  3:56  Zergling x6  
  38  3:57  Zergling x2  
  43  4:10  Zergling x4  
  44  4:17  Spore Crawler  
  44  4:21  Spore Crawler  
  42  4:25  Spore Crawler  
  42  4:26  Roach  
  43  4:36  Overlord x2  
  43  4:37  Overlord x2  
  43  4:47  Drone  
  43  4:50  Lair  
  44  4:55  Overlord  
  44  4:56  Overlord  
  44  5:01  Pneumatized Carapace  
  44  5:21  Drone  
  45  5:44  Extractor  
  45  5:46  Drone x5  
  45  5:47  Drone  
  50  6:08  Drone x3  
  53  6:13  Nydus Network  
  52  6:31  Roach x4  
  38  7:08  Spore Crawler  
  38  7:09  Spore Crawler  
  38  7:11  Zergling x12, Spore Crawler  
  34  7:43  Ravager x2  
  34  7:44  Ravager x2  
  38  7:45  Roach x4  
  38  7:46  Roach x2  
  50  8:11  Nydus Canal  
  29  9:21  Zergling x12  
  19  9:33  Zergling x4  
  17  9:44  Zergling x4  
Show
View Real Time Build Order
Export as new Build Order

Seize Terran 

Build Orders:  

Get SALT Encoding   

  12  0:01  SCV  
  13  0:13  SCV  
  14  0:25  SCV  
  15  0:28  Supply Depot  
  15  0:50  SCV  
  15  0:53  Barracks  
  16  0:59  Barracks  
  16  1:02  SCV  
  17  1:14  SCV  
  17  1:15  Barracks  
  18  1:21  Refinery  
  18  1:26  SCV  
  18  1:31  Supply Depot  
  19  1:38  SCV  
  20  1:41  Marine  
  21  1:49  Marine  
  22  1:59  Marine  
  23  2:02  Marine  
  23  2:07  Marine  
  25  2:11  Orbital Command  
  25  2:17  Marine  
  25  2:20  Marine  
  27  2:25  Marine  
  28  2:34  Marine  
  29  2:42  Marine  
  29  2:44  Barracks Tech Lab  
  30  2:52  Marine  
  31  2:59  Refinery  
  31  3:10  Combat Shield  
  31  3:17  Engineering Bay  
  31  3:39  Marine  
  31  3:46  Marine  
  31  3:47  Marine  
  27  3:57  Marine  
  25  4:03  Marine  
  25  4:05  Marine  
  26  4:12  Factory  
  26  4:15  Marine  
  27  4:21  Marine  
  27  4:23  Marine  
  29  4:32  Marine  
  29  4:35  Terran Infantry Armor Level 1  
  30  4:39  Marine  
  31  4:46  Supply Depot  
  31  4:53  Marine x2  
  31  4:57  Marine  
  34  5:09  Supply Depot  
  34  5:11  Marine x2  
  36  5:15  Marine  
  37  5:29  Marine x2  
  37  5:31  Missile Turret  
  37  5:32  Marine, Missile Turret  
  40  5:40  Missile Turret  
  40  5:44  Missile Turret  
  40  5:46  Marine  
  40  5:47  Marine  
  42  5:51  Missile Turret  
  42  6:04  Missile Turret  
  42  6:06  Missile Turret  
  41  6:25  Marine x3  
  43  6:27  Missile Turret  
  43  6:28  Missile Turret  
  43  6:29  Terran Infantry Weapons Level 1  
  28  6:43  Marine  
  24  6:48  Marine x2  
  26  7:00  Marine  
  24  7:06  Marine x2  
  24  7:09  Widow Mine  
  25  7:18  Marine  
  24  7:30  Widow Mine  
Show
View Real Time Build Order
Export as new Build Order

ThatMarfin Protoss 

Build Orders:  

Get SALT Encoding   

  12  0:07  Probe  
  13  0:20  Pylon  
  13  0:24  Probe  
  14  0:36  Probe  
  15  0:43  Gateway  
  15  0:48  Probe  
  16  0:56  Assimilator  
  16  1:00  Probe  
  17  1:06  Pylon  
  17  1:13  Probe  
  18  2:00  Probe  
  19  2:12  Forge  
  19  2:15  Zealot  
  21  2:23  Gateway  
  21  2:26  Pylon  
  21  2:29  Cybernetics Core  
  20  2:33  Probe  
  20  2:34  Assimilator  
  21  2:42  Zealot  
  23  2:45  Probe  
  24  3:09  Zealot  
  26  3:15  Zealot  
  26  3:17  Protoss Ground Weapons Level 1  
  28  3:22  Warp Gate  
  28  3:23  Probe  
  29  3:35  Probe  
  29  3:36  Zealot  
  37  4:17  Adept  
  13  4:18  Adept  
  13  4:21  Probe  
  14  4:33  Probe  
  15  4:45  Probe  
  16  4:46  Nexus  
  16  4:50  Assimilator  
  16  4:55  Zealot  
  16  4:56  Zealot  
  20  5:06  Probe  
  21  5:18  Probe  
  17  5:30  Probe  
  18  5:42  Probe  
  19  5:55  Probe  
  20  6:07  Probe  
  21  6:19  Probe  
  22  6:31  Probe  
  21  6:43  Probe  
  10  6:56  Zealot  
  10  6:58  Probe  
  13  7:10  Probe  
  12  7:22  Probe  
  12  7:28  Zealot  
  14  7:34  Probe  
  13  7:47  Probe  
Tags
 
Add a new tag
Caveats
  • Supply blocks, unpowered buildings, or Contaminate may cause inaccurate times.
  • Supply counts are checked every 10 seconds.